 Dungeon Crawl Stone Soup version 0.19.4-8-ga85b6b9 (webtiles) character file.

54625 JeffiDaFish the Basher (level 14, -2/92 HPs)
             Began as a Gargoyle Fighter on Feb 14, 2017.
             Was the Champion of Makhleb.
             Slain by a fire elemental (9 damage)
             ... led by Azrael
             ... on level 14 of the Dungeon.
             The game lasted 00:44:59 (15713 turns).

JeffiDaFish the Basher (Gargoyle Fighter)          Turns: 15713, Time: 00:45:00

Health: -2/92      AC: 21    Str: 20    XL:     14   Next: 73%
Magic:  22/22      EV: 11    Int: 11    God:    Makhleb [******]
Gold:   1472       SH: 13    Dex: 15    Spells: 1 memorised, 17 levels left

rFire  . . .     SeeInvis .     A - +6 shillelagh "Devastator" {shatter}
rCold  . . .     Gourm    .     q - +0 plate armour
rNeg   + . .     Faith    .     c - +0 shield
rPois  ∞         Spirit   .     (no helmet)
rElec  +         Reflect  .     p - +0 cloak
rCorr  .         Harm     .     H - +0 pair of gloves of Sovereignty {Slay+3}
MR     +....                    D - +0 pair of boots
Stlth  ..........               l - amulet of regeneration
                                C - +4 ring of evasion
                                j - +3 ring of dexterity

@: about to teleport, corroded
A: big wings, negative energy resistance 1, electricity resistance, unbreathing,
petrification resistance, rot immunity, AC +9
a: Fly, Minor Destruction, Lesser Servant of Makhleb, Major Destruction, Greater
Servant of Makhleb, Renounce Religion


You were on level 14 of the Dungeon.
You worshipped Makhleb.
Makhleb was exalted by your worship.
You were not hungry.

You visited 3 branches of the dungeon, and saw 21 of its levels.

You collected 1472 gold pieces.

Inventory:

Hand Weapons
 u - a +2 morningstar of protection
 A - the +6 shillelagh "Devastator" (weapon) {shatter}
   (You found it on level 2 of the Lair of Beasts)
Armour
 c - a +0 shield (worn)
 p - a +0 cloak (worn)
 q - a +0 plate armour (worn)
 D - a +0 pair of boots (worn)
 H - the +0 pair of gloves of Sovereignty (worn) {Slay+3}
   (You found it on level 12 of the Dungeon)

   It affects your accuracy and damage with ranged weapons and melee attacks
   (+3).
Jewellery
 j - a +3 ring of dexterity (left hand)
 l - an amulet of regeneration (around neck)
 C - a +4 ring of evasion (right hand)
Wands
 a - a wand of flame (33/48)
 F - a wand of teleportation (8/9)
Scrolls
 b - a scroll of fear
 e - 5 scrolls of remove curse
 g - 3 scrolls of identify
 m - a scroll of holy word
 n - 2 scrolls of magic mapping
 o - 2 scrolls of teleportation
 w - 2 scrolls of fog
Potions
 d - 3 potions of might
 r - 2 potions of resistance
 t - 12 potions of curing
 v - 4 potions of heal wounds
 x - 2 potions of agility
 z - 3 potions of invisibility
 B - 2 potions of flight
 G - a potion of berserk rage
Books
 y - a book of the Earth

   Spells                             Type                      Level
   a - Leda's Liquefaction            Hexes/Earth                  4
   b - Bolt of Magma                  Conjuration/Fire/Earth       5
   c - Statue Form                    Transmutation/Earth          6
   d - Iron Shot                      Conjuration/Earth            6
   e - Shatter                        Earth                        9
Comestibles
 f - 16 bread rations
 h - 2 royal jellies (quivered)
 i - 8 meat rations
 k - 5 slices of pizza
 s - 4 beef jerkies
 E - 16 fruits
 I - 8 chunks of flesh


   Skills:
 * Level 12.2 Fighting
 * Level 13.5 Maces & Flails
 * Level 11.9 Armour
 - Level 1.4 Dodging
 - Level 1.0 Stealth
 * Level 12.3 Shields
 + Level 5.3 Spellcasting
 + Level 6.5 Conjurations
 + Level 7.1 Earth Magic


You had 17 spell levels left.
You knew the following spells:

 Your Spells              Type           Power        Failure   Level  Hunger
a - Iron Shot             Conj/Erth      ###.......   100%        6    #######


Dungeon Overview and Level Annotations

Branches:
Dungeon (14/15)            Temple (1/1) D:7            Lair (6/6) D:8
  Swamp (0/4) Lair:4        Snake (0/4) Lair:4        Slime (0/5) Lair:6
    Orc (0/2) D:9
 Vaults: D:13-14

Altars:
Dithmenos
Fedhas
Gozag
Hepliaklqana
Kikubaaqudgha
Makhleb
Nemelex Xobeh
Okawaru
Qazlal
Ru
Uskayaw
Yredelemnul
Zin
Jiyva

Shops:
D:4 %   D:5 !   D:11 (

Portals:
Hell: Lair:6

Annotations:
D:14 Azrael


Innate Abilities, Weirdness & Mutations

You are resistant to torment.
Your stone body is resilient. (AC +9)
You are immune to poison.
Your large and strong wings let you fly indefinitely.
You resist negative energy. (rN+)
You are resistant to electric shocks. (rElec)
You can survive without breathing.
You are immune to petrification.
You are immune to rotting.


Message History

The fire elemental burns you!
* * * LOW HITPOINT WARNING * * *
You block the fire elemental's attack. The hell hound bites you.
* * * LOW HITPOINT WARNING * * *
Azrael hits you with a scimitar of flaming.
* * * LOW HITPOINT WARNING * * *
Azrael burns you.
* * * LOW HITPOINT WARNING * * *
You feel much better. You block the fire elemental's attack.
The fire elemental hits you. The fire elemental burns you!
* * * LOW HITPOINT WARNING * * *
The hell hound bites you but does no damage.
The fire elemental hits you. The fire elemental burns you!
* * * LOW HITPOINT WARNING * * *
Azrael hits you with a scimitar of flaming!
* * * LOW HITPOINT WARNING * * *
Azrael burns you.
* * * LOW HITPOINT WARNING * * *
The fire elemental hits you. The fire elemental burns you!
You die...

.........(
##.................
##................(†
##......# #.....#(...
##.......# #....###.).
##.[).....###...## ##))
##................###...
#.....h............#....
......E@E§.%............
.....§REh§..............
......§h§...............
........................
........................
........................
........................
.............#..........
......###..$###.....###.


You could see Azrael, 3 fire elementals and 3 hell hounds.

Vanquished Creatures
  2 dire elephants (Lair:6)
  Josephine (Lair:6)
  7 hydras
  A catoblepas (Lair:4)
  5 death yaks (Lair:3)
  A sun demon (Lair:6)
  A sixfirhy (Lair:6)
  A wizard (Lair:6)
  5 hill giants
  A deep elf mage (D:11)
  3 ugly things
  A manticore (D:13)
  11 elephants
  5 cyclopes
  A centaur zombie (D:14)
  Joseph (D:7)
  7 black mambas
  2 orange demons (Lair:6)
  6 spiny frogs
  A gargoyle (D:13)
  An efreet (D:13)
  A kobold demonologist (D:14)
  3 ice devils (Lair:6)
  A hellwing (Lair:6)
  5 rime drakes
  10 komodo dragons
  A troll (D:14)
  3 red devils (Lair:6)
  2 polar bears
  A queen bee (D:10)
  A hornet (D:12)
  11 hippogriffs
  5 blink frogs
  18 yaks
  6 wraiths
  A spriggan (D:13)
  4 wyverns (Lair:5)
  Eustachio (D:5)
  6 basilisks
  Menkaure (D:4)
  A soldier ant (D:12)
  3 insubstantial wisps (Lair:4)
  15 water moccasins
  3 hell hounds
  10 porcupines
  2 orc warriors
  3 ice beasts
  4 phantoms
  2 sky beasts
  2 black bears
  A necrophage (D:14)
  6 wolves (Lair:4)
  11 centaurs
  7 ogres
  10 crocodiles
  2 big kobolds
  10 bullfrogs
  A wyvern zombie (D:8)
  3 wyvern skeletons
  7 scorpions
  16 wights
  9 killer bees
  An electric eel (D:10)
  4 howler monkeys
  3 crimson imps
  2 bullfrog zombies (D:10)
  A quasit (D:12)
  5 orc priests
  15 orc wizards
  4 hounds
  6 jellies
  3 centaur skeletons
  A bullfrog skeleton (D:5)
  4 hell rats (Lair:4)
  5 iguanas
  9 worker ants
  A hound zombie (D:6)
  A hound skeleton (D:6)
  4 worker ant zombies
  A gnoll (D:4)
  7 adders
  A howler monkey skeleton (D:8)
  A shadow imp (D:5)
  An ooze (D:4)
  4 worms
  4 leopard geckos
  35 orcs
  A ball python (D:2)
  11 giant cockroaches
  7 goblins
  9 hobgoblins
  7 jackals
  3 quokkas
  6 bats
  5 frilled lizards
  12 kobolds
  3 leopard gecko skeletons
  A quokka skeleton (D:6)
  13 rats
  A butterfly (Lair:3)
  3 fungi
478 creatures vanquished.

Vanquished Creatures (others)
  A kobold (D:13)
  2 fungi
  7 plants
10 creatures vanquished.

Grand Total: 488 creatures vanquished

Notes
Turn   | Place    | Note
-------+----------+-------------------------------------------
     0 | D:1      | JeffiDaFish the Gargoyle Fighter began the quest for the Orb.
     0 | D:1      | Reached XP level 1. HP: 14/14 MP: 1/1
    71 | D:1      | Reached XP level 2. HP: 17/19 MP: 2/2
   486 | D:1      | Reached XP level 3. HP: 23/23 MP: 3/3
  1165 | D:2      | Reached skill level 3 in Maces & Flails
  1542 | D:3      | Reached XP level 4. HP: 25/29 MP: 4/4
  1746 | D:3      | Reached XP level 5. HP: 7/33 MP: 5/5
  2062 | D:3      | Found a sparkling altar of Nemelex Xobeh.
  2299 | D:4      | Noticed an ogre
  2305 | D:4      | Killed an ogre
  2305 | D:4      | Reached skill level 4 in Maces & Flails
  2305 | D:4      | Reached XP level 6. HP: 39/39 MP: 6/6
  2333 | D:4      | Reached skill level 1 in Dodging
  2673 | D:4      | Reached skill level 5 in Maces & Flails
  2747 | D:4      | Noticed Menkaure
  2757 | D:4      | Killed Menkaure
  2757 | D:4      | Reached XP level 7. HP: 11/44 MP: 7/7
  2991 | D:4      | Found Reineiby's Food Boutique.
  3358 | D:4      | Found a faded altar of an unknown god.
  3358 | D:4      | Found a faded altar of an unknown god.
  3363 | D:4      | Found a faded altar of an unknown god.
  3365 | D:4      | Found a hide-covered altar of Uskayaw.
  3367 | D:4      | Found a faded altar of an unknown god.
  3709 | D:5      | Entered Level 5 of the Dungeon
  3732 | D:5      | Got a distressingly furry chain mail
  3753 | D:5      | Identified the cursed +0 chain mail of Somewhere Else {rN+} (You found it on level 5 of the Dungeon)
  3853 | D:5      | Noticed Eustachio
  3873 | D:5      | Reached skill level 5 in Fighting
  3883 | D:5      | Reached skill level 6 in Maces & Flails
  3920 | D:5      | Killed Eustachio
  3920 | D:5      | Reached skill level 5 in Armour
  3920 | D:5      | Reached skill level 5 in Shields
  3920 | D:5      | Reached XP level 8. HP: 11/49 MP: 8/8
  4175 | D:5      | Found Laxy's Distillery.
  4589 | D:6      | Found a hazy altar of Hepliaklqana.
  4670 | D:6      | Reached skill level 7 in Maces & Flails
  5204 | D:6      | Reached skill level 8 in Maces & Flails
  5204 | D:6      | Reached XP level 9. HP: 51/55 MP: 9/9
  5636 | D:7      | Noticed Joseph
  5662 | D:7      | Killed Joseph
  5706 | D:7      | Found a staircase to the Ecumenical Temple.
  5754 | Temple   | Entered the Ecumenical Temple
  5826 | Temple   | Became a worshipper of Makhleb the Destroyer
  5949 | D:7      | Reached skill level 9 in Maces & Flails
  6645 | D:8      | Reached skill level 1 in Stealth
  6898 | D:8      | Reached XP level 10. HP: 46/61 MP: 10/10
  6980 | D:8      | Reached * piety under Makhleb
  7041 | D:8      | Reached skill level 10 in Maces & Flails
  7190 | D:8      | Noticed an elephant
  7190 | D:8      | Found a staircase to the Lair.
  7222 | D:8      | Killed an elephant
  7500 | Lair:1   | Entered Level 1 of the Lair of Beasts
  7752 | Lair:1   | Noticed a four-headed hydra
  7755 | Lair:1   | Noticed a spiny frog
  7762 | Lair:1   | Killed a four-headed hydra
  7779 | Lair:1   | Killed a spiny frog
  7779 | Lair:1   | Reached skill level 11 in Maces & Flails
  7911 | Lair:1   | Learned a level 6 spell: Iron Shot
  7929 | Lair:1   | Noticed a black mamba
  7936 | Lair:1   | Killed a black mamba
  7949 | Lair:1   | Reached skill level 1 in Earth Magic
  7968 | Lair:1   | Reached XP level 11. HP: 68/68 MP: 11/11
  8097 | Lair:1   | Reached skill level 1 in Conjurations
  8533 | Lair:1   | Reached skill level 1 in Spellcasting
  9391 | Lair:3   | Noticed a death yak
  9392 | Lair:3   | Noticed a death yak
  9392 | Lair:3   | Noticed a death yak
  9392 | Lair:3   | Noticed a death yak
  9393 | Lair:3   | Noticed a death yak
  9409 | Lair:3   | Killed a death yak
  9413 | Lair:3   | Killed a death yak
  9417 | Lair:3   | Killed a death yak
  9424 | Lair:3   | Killed a death yak
  9425 | Lair:3   | Killed a death yak
  9425 | Lair:3   | Reached ** piety under Makhleb
  9960 | Lair:4   | Reached XP level 12. HP: 73/76 MP: 15/15
 10034 | Lair:4   | Found a staircase to the Swamp.
 10139 | Lair:4   | Noticed a five-headed hydra
 10145 | Lair:4   | Killed a five-headed hydra
 10150 | Lair:4   | Noticed a catoblepas
 10162 | Lair:4   | Killed a catoblepas
 10184 | Lair:4   | Found a staircase to the Snake Pit.
 10456 | Lair:4   | Reached skill level 12 in Maces & Flails
 10869 | Lair:5   | Noticed a five-headed hydra
 10876 | Lair:5   | Killed a five-headed hydra
 10876 | Lair:5   | Reached skill level 10 in Fighting
 10876 | Lair:5   | Reached skill level 10 in Shields
 10883 | Lair:5   | Reached *** piety under Makhleb
 11005 | Lair:5   | Noticed an eight-headed hydra
 11014 | Lair:5   | Killed an eight-headed hydra
 11014 | Lair:5   | Reached skill level 10 in Armour
 11100 | Lair:5   | Noticed an eight-headed hydra
 11100 | Lair:5   | Noticed a five-headed hydra
 11114 | Lair:5   | Killed an eight-headed hydra
 11114 | Lair:5   | Reached XP level 13. HP: 62/83 MP: 18/18
 11120 | Lair:5   | Reached skill level 5 in Earth Magic
 11138 | Lair:5   | Reached skill level 5 in Conjurations
 11138 | Lair:5   | Reached **** piety under Makhleb
 11587 | Lair:6   | Entered Level 6 of the Lair of Beasts
 11751 | Lair:6   | Noticed a dire elephant
 11755 | Lair:6   | Noticed Josephine
 11766 | Lair:6   | Noticed a dire elephant
 11772 | Lair:6   | Killed a dire elephant
 11773 | Lair:6   | Killed Josephine
 11781 | Lair:6   | Killed a dire elephant
 11844 | Lair:6   | Found a viscous altar of Jiyva.
 11844 | Lair:6   | Found a staircase to the Slime Pits.
 11872 | Lair:6   | Reached skill level 13 in Maces & Flails
 12139 | Lair:6   | Found a burning altar of Makhleb.
 12155 | Lair:6   | Reached ***** piety under Makhleb
 12157 | Lair:6   | Gained mutation: Your large and strong wings let you fly indefinitely. [Gargoyle growth]
 12157 | Lair:6   | Reached XP level 14. HP: 74/90 MP: 20/20
 12194 | Lair:6   | Found a gateway to Hell.
 12789 | D:9      | Found a staircase to the Orcish Mines.
 12898 | D:9      | Reached skill level 5 in Spellcasting
 13199 | D:10     | Entered Level 10 of the Dungeon
 13706 | D:10     | Found an opulent altar of Gozag.
 14256 | D:11     | Found Odimmeb's Antique Weapon Shoppe.
 14579 | D:12     | Got a pair of dazzling gloves
 14590 | D:12     | Identified the +0 pair of gloves of Sovereignty {Slay+3} (You found it on level 12 of the Dungeon)
 14839 | D:12     | Reached ****** piety under Makhleb
 15698 | D:14     | Noticed Azrael
 15713 | D:14     | Slain by a fire elemental

Skill      XL: |  1  2  3  4  5  6  7  8  9 10 11 12 13 14 |
---------------+-------------------------------------------+-----
Maces & Flails | 3 4 5 6 8 9 11 12 13 | 13.5
Shields        | 4 5 6 8 9 10 11 12 | 12.3
Fighting       | 4 5 6 8 9 10 11 12 | 12.2
Dodging        | 1 |  1.4
Armour         | 4 5 6 7 9 10 11 | 11.9
Stealth        | 1 |  1.0
Earth Magic    | 1 3 4 6 7 |  7.1
Conjurations   | 2 4 5 6 |  6.5
Spellcasting   | 2 3 4 5 |  5.3

Action                   |  1- 3 |  4- 6 |  7- 9 | 10-12 | 13-15 || total
-------------------------+-------+-------+-------+-------+-------++-------
Melee: Flail             |   165 |    88 |       |       |       ||   253
       Morningstar       |       |    71 |   427 |   187 |     4 ||   689
       Shillelagh        |       |       |       |   247 |   543 ||   790
Evoke: Wand              |       |       |       |       |     1 ||     1
  Use: Scroll            |     3 |     1 |    10 |     7 |    11 ||    32
       Potion            |     1 |     3 |     7 |     2 |     6 ||    19
  Eat: Chunk             |     2 |     5 |    14 |    14 |    15 ||    50
Armor: Scale mail        |   100 |    92 |       |       |       ||   192
       Chain mail        |       |    25 |       |       |       ||    25
       Plate armour      |       |       |   268 |   307 |   240 ||   815
Dodge: Dodged            |    67 |    50 |    62 |   135 |   162 ||   476
Block: Shield            |    85 |   102 |   210 |   249 |   314 ||   960
